 Dungeon Crawl Stone Soup version 0.31-a0-1074-g0b22e4e0f1 (webtiles) character file.

Game seed: 8376416601026318498

26 drugrobin the Sneak (level 2, 0/25 HPs)
             Began as a Demigod Delver on Dec 8, 2023.
             Slain by a gnoll
             ... wielding a +0 club
              (6 damage)
             ... on level 2 of the Dungeon.
             The game lasted 00:02:51 (506 turns).

drugrobin the Sneak (Demigod Delver)                 Turns: 506, Time: 00:02:51

Health: 0/25       AC:  3    Str: 13    XL:     2   Next: 69%
Magic:  4/4        EV: 11    Int: 12    God:
Gold:   85         SH:  0    Dex: 15    Spells: 1/1 levels left

rFire   . . .        a - +0 mace
rCold   . . .        (no shield)
rNeg    . . .        b - +0 leather armour
rPois   +            (no helmet)
rElec   .            (no cloak)
rCorr   .            (no gloves)
SInv    .            (no boots)
Will    .....        (no amulet)
Stlth   +++          i - ring of poison resistance
HPRegen 0.24/turn    (no ring)
MPRegen 0.09/turn

%: no passive effects
@: no status effects
A: high MP 1, forlorn, divine attributes
a: no special abilities


You were on level 2 of the Dungeon.
You visited 1 branch of the dungeon, and saw 4 of its levels.

You collected 85 gold pieces.

Inventory:

Hand Weapons
 a - a +0 mace (weapon)
Missiles
 e - 3 curare-tipped darts
Armour
 b - a +0 leather armour (worn)
Jewellery
 i - a ring of poison resistance (left hand)
Wands
 g - a wand of digging (3)
Scrolls
 c - a scroll of fog
Potions
 d - a potion of berserk rage {unknown}
 f - 2 potions of haste
 h - 2 potions of lignification {unknown}


   Skills:
 - Level 2.6 Fighting
 + Level 3.1 Maces & Flails
 - Level 1.7 Dodging
 - Level 4.5 Stealth


You had one spell level left.
You didn't know any spells.
Your spell library contained the following spells:

 Spells                   Type           Power      Damage    Failure   Level
 Kiss of Death            Conj/Necr      0%         2d5       38%         1
 Confusing Touch          Hex            0%         N/A       77%         3
 Dispel Undead            Necr           0%         3d6       99%         4


Dungeon Overview and Level Annotations

Branches:
Dungeon (5/15)             Temple (0/1) D:5

Annotations:
D:4 exclusion: ogre


Innate Abilities, Weirdness & Mutations

You have an increased reservoir of magic. (+10% MP)
You shall have no god before yourself.
Your divine heritage dramatically boosts your attributes as you level up.


Message History

You sock the gnoll!
The gnoll is severely wounded.
The gnoll hits you with a +0 club.
Unknown command.
You sock the gnoll!
You kill the gnoll!
You have reached level 2!
Unknown command.
Throw: 5 darts (curare)
Press: ? - help, Shift-Dir - straight line, f - gnoll
Aim: a gnoll, wielding a +0 club (60% to hit)
You throw a curare-tipped dart. The curare-tipped dart hits the gnoll.
The gnoll is poisoned.
The gnoll convulses.
The gnoll seems to slow down.
The gnoll is severely wounded.
Unknown command.
Unknown command.
Unknown command.
You barely miss the gnoll.
The gnoll is severely wounded.
You hit the gnoll.
You kill the gnoll!
The gnoll closely misses you.
Your Maces & Flails skill increases to level 3!
You barely miss the gnoll. The gnoll hits you with a +0 club.
You hit the gnoll.
The gnoll is moderately wounded.
The gnoll hits you with a +0 club.
You barely miss the gnoll.
The gnoll is moderately wounded.
The gnoll hits you with a +0 club.
* * * LOW HITPOINT WARNING * * *
Unknown command.
Throw: 4 darts (curare)
Press: ? - help, Shift-Dir - straight line, f - gnoll
Aim: a gnoll, wielding a +0 club (moderately wounded, 60% to hit)
You throw a curare-tipped dart.
The curare-tipped dart completely misses the gnoll.
The gnoll hits you with a +0 club.
You die...

#.# ###.######..#.####
#.# #..[......(.#....#
#.###.#.#####...#.####
###...............#.##
....###.#..g.###.....#
....'...####.# #(#####
?...##### #.# #.#
....# #.# #g# ♣...#
#.# #@# .≈..# #.# ###
....# #.# .≈... #.#
♣.+## .≈


You could see a gnoll.

Vanquished Creatures
  2 gnolls (D:2)
  A dart slug (D:4)
  A goblin (D:2)
  3 ball pythons
7 creatures vanquished.

Notes
Turn   | Place    | Note
-------+----------+-------------------------------------------
     0 | D:5      | drugrobin the Demigod Delver began the quest for the Orb.
     0 | D:5      | Reached XP level 1. HP: 18/18 MP: 3/3
     0 | D:5      | Found a staircase to the Ecumenical Temple.
    40 | D:5      | Noticed a black bear
    54 | D:5      | Noticed a hound
   299 | D:4      | Noticed an ogre
   319 | D:4      | Noticed an ogre
   499 | D:2      | Reached XP level 2. HP: 13/25 MP: 4/4
   506 | D:2      | Slain by a gnoll

Illustrated notes

Levels and vault maps discovered:
D:2:      layout_basic, serial_shops, shop, kennysheep_cross_room,
          minmay_hedge_maze, kennysheep_crisscross, minmay_close_crescents
D:3:      layout_basic, uniq_grinder, uniq_jessica
D:4:      layout_loops_ring, nicolae_shop_sticking_my_neck_out, uniq_sigmund
D:5:      layout_rooms, minmay_temple_entry_butterflies, gammafunk_ghost_arena

Skill      XL: |  1  2 |
---------------+-------+-----
Maces & Flails | 2 3 |  3.1
Fighting       | |  2.6
Dodging        | |  1.7
Stealth        | |  4.5

Action                     || total
---------------------------++-------
  Melee: Mace              ||    35
  Throw: Dart              ||     2
    Use: Scroll            ||     2
 Armour: Leather armour    ||    31
  Dodge: Dodged            ||    18

Table legend: (Time is in decaauts)
 A = Elapsed time spent in this place.
 B = Non-inter-level travel time spent in this place.
 C = Inter-level travel time spent in this place.
 D = Time resting spent in this place.
 E = Time spent auto-exploring this place.
 F = Levels seen in this place.
 G = Mean time per level.
                   A        B        C        D        E       F      G
               +--------+--------+--------+--------+--------+-----+--------+
         Total |    515 |    515 |      0 |     87 |    128 |   4 |  128.8 |
       Dungeon |    515 |    515 |      0 |     87 |    128 |   4 |  128.8 |
               +--------+--------+--------+--------+--------+-----+--------+

Top non-repeatable levels by time:
     D:4: 242 daAuts
     D:2: 142 daAuts
     D:5: 125 daAuts
     D:3: 4 daAuts
